[Event "Titled Tuesday Blitz April 05 Early 2022"]
[White "Chincholimath, Halsagar"]
[Black "Odegov, Artem"]
[WhiteFideId "5022487"]
[BlackFideId "34183644"]
[WhiteElo "1737"]
[BlackElo "2286"]
[Result "0-1"]
[Round "09"]
[TimeControl "180+1"]
[Date "2022.04.05"]
[WhiteClock "0:00:02"]
[BlackClock "0:01:09"]

1. e4 e6 2. d4 d5 3. e5 c5 4. c3 Qb6 5. Nf3 Bd7 6. a4 Nc6 7. Bd3 cxd4 8. cxd4 Bb4+ 9. Nc3 Nxd4 10. O-O Nxf3+ 11. Qxf3 Ne7 12. Qg3 O-O-O 13. Nb5 Bxb5 14. axb5 Bc5 15. Bg5 Kb8 16. Rfc1 Rc8 17. Qh4 Ng6 18. Qg3 Bd4 19. Re1 Rc7 20. Re2 Rhc8 21. Kh1 Nf8 22. f3 h6 23. Bd2 g5 24. Ba5 Rc1+ 25. Rxc1 Rxc1+ 26. Re1 Rxe1+ 27. Qxe1 Qc5 28. Bb4 Qc8 29. Bd6+ Ka8 30. h3 Nd7 31. Qb4 Bb6 32. Kh2 Qc1 33. Qa3 Bg1+ 34. Kg3 Qf4# 0-1


[Site "https://www.chess.com"]

[Event "Titled Tuesday Blitz April 05 Early 2022"]
[White "Ciolacu, Alessia-Mihaela"]
[Black "Biletskiy, Danylo"]
[WhiteFideId "1252640"]
[BlackFideId "14155419"]
[WhiteElo "1804"]
[BlackElo "2087"]
[Result "0-1"]
[Round "09"]
[TimeControl "180+1"]
[Date "2022.04.05"]
[WhiteClock "0:00:04"]
[BlackClock "0:01:09"]

1. b3 e5 2. Bb2 d6 3. Nf3 c5 4. c4 Nc6 5. g3 g6 6. Bg2 Bg7 7. O-O Nge7 8. d3 O-O 9. Nc3 f5 10. Ne1 h6 11. Nc2 Nd4 12. Ne3 Rb8 13. Ned5 Be6 14. a3 Kh7 15. b4 b6 16. e3 Ndc6 17. b5 Bxd5 18. Nxd5 Nxd5 19. Bxd5 Ne7 20. Bg2 f4 21. Be4 Nf5 22. Qe2 Qg5 23. exf4 exf4 24. Bxg7 Kxg7 25. h4 Nxh4 26. Kh2 Nf5 27. Rg1 fxg3+ 28. fxg3 Nd4 29. Qg2 Qh5+ 30. Qh3 Rf2+ 31. Rg2 Rxg2+ 32. Bxg2 Qxh3+ 33. Kxh3 Re8 34. Be4 Ne6 35. a4 Ng5+ 36. Kg2 Nxe4 37. dxe4 Rxe4 38. a5 Rxc4 39. axb6 axb6 40. Ra6 Rb4 41. Rxb6 d5 42. Rd6 Rxb5 43. Rxd5 Rb2+ 44. Kf3 Rc2 45. g4 c4 46. Rc5 c3 47. Ke4 Rc1 48. Kd5 Kf6 49. Rc4 Kg5 50. Kc5 h5 51. gxh5 gxh5 52. Kd4 h4 53. Ke3 h3 54. Kf2 c2 55. Ke2 h2 56. Rc5+ Kf6 57. Rh5 h1=Q 0-1


[Site "https://www.chess.com"]

[Event "Titled Tuesday Blitz April 05 Early 2022"]
[White "Cori T., Deysi"]
[Black "Derraugh, Geordie"]
[WhiteFideId "3801934"]
[BlackFideId "2603950"]
[WhiteElo "2341"]
[BlackElo "2116"]
[Result "1-0"]
[Round "09"]
[TimeControl "180+1"]
[Date "2022.04.05"]
[WhiteClock "0:00:12"]
[BlackClock "0:00:23"]

1. d4 Nf6 2. Nf3 g6 3. g3 Bg7 4. Bg2 O-O 5. O-O d5 6. Ne5 Ng4 7. Nxg4 Bxg4 8. c4 c6 9. cxd5 cxd5 10. Nc3 Nc6 11. Be3 Be6 12. Rc1 Qd7 13. Qa4 Rfd8 14. Rfd1 a6 15. Qa3 f6 16. Na4 Qd6 17. Qxd6 Rxd6 18. Bf4 Rdd8 19. Nb6 Ra7 20. Bc7 Re8 21. Nxd5 a5 22. Bb6 Ra6 23. Nc7 Rxb6 24. Nxe8 Bxa2 25. d5 Ne5 26. Rc8 Kf7 27. d6 Be6 28. Rc7 Kxe8 29. Rxe7+ Kd8 30. Rxg7 Rxb2 31. Rxb7 Rxb7 32. Bxb7 Kd7 33. Ba6 Bc4 34. f4 Bxa6 35. fxe5 fxe5 36. Rd5 a4 37. Rxe5 Kxd6 38. Ra5 Bxe2 39. Rxa4 Ke5 40. Ra7 h5 41. Re7+ Kf5 42. Rxe2 1-0


[Site "https://www.chess.com"]

[Event "Titled Tuesday Blitz April 05 Early 2022"]
[White "Coto Mederos, Michel"]
[Black "Legenia, Artem"]
[WhiteFideId "3508528"]
[BlackFideId "14136945"]
[WhiteElo "2427"]
[BlackElo "1936"]
[Result "1-0"]
[Round "09"]
[TimeControl "180+1"]
[Date "2022.04.05"]
[WhiteClock "0:01:03"]
[BlackClock "0:01:23"]

1. d4 d5 2. c4 e6 3. Nc3 c6 4. cxd5 exd5 5. Nf3 Nf6 6. Bg5 Bb4 7. Bxf6 Qxf6 8. e3 O-O 9. Be2 Bxc3+ 10. bxc3 Bg4 11. Ne5 Bxe2 12. Qxe2 Qe7 13. O-O Nd7 14. Nxd7 Qxd7 15. c4 dxc4 16. Qxc4 Qd5 17. Qxd5 cxd5 18. Rab1 b6 19. Rb5 Rfd8 20. Rc1 Rac8 21. Rxc8 Rxc8 22. g3 Rd8 23. a4 Kf8 24. a5 bxa5 25. Rxa5 Rd7 26. Kf1 Ke7 27. Ke2 Ke6 28. Ra6+ Ke7 29. Kd3 Rb7 30. h4 h5 31. Ke2 g6 32. Kf3 Kd7 33. Kf4 Ke7 34. Ke5 Rb2 35. Rxa7+ Kf8 36. f4 Rg2 37. Kf6 Rxg3 38. Ra8# 1-0


[Site "https://www.chess.com"]

[Event "Titled Tuesday Blitz April 05 Early 2022"]
[White "De Souza, Cristiano Gomes"]
[Black "Piliczewski, Bogusz"]
[WhiteFideId "2151758"]
[BlackFideId "1104144"]
[WhiteElo "2068"]
[BlackElo "1896"]
[Result "0-1"]
[Round "09"]
[TimeControl "180+1"]
[Date "2022.04.05"]
[WhiteClock "0:00:17"]
[BlackClock "0:00:58"]

1. d4 d5 2. c4 c6 3. Nf3 Nf6 4. Nc3 e6 5. Bg5 Nbd7 6. e3 Qa5 7. Nd2 Bb4 8. Qc2 O-O 9. Be2 c5 10. O-O cxd4 11. Nb3 Qc7 12. Nb5 Qe5 13. Bf4 Qf5 14. Bd3 Qg4 15. h3 Qh5 16. exd4 dxc4 17. Qxc4 Be7 18. Bg3 Nb6 19. Qc2 Bd7 20. Nc3 Rac8 21. Qd2 Bb4 22. a4 Nbd5 23. Rfc1 a6 24. Nc5 Bc6 25. Qd1 Nxc3 26. Qxh5 Nxh5 27. bxc3 Bxc5 28. dxc5 Nxg3 29. fxg3 Bd7 30. Rab1 Rc7 0-1


[Site "https://www.chess.com"]

[Event "Titled Tuesday Blitz April 05 Early 2022"]
[White "Demin, Vladimir"]
[Black "Sovetbekova, Nurai"]
[WhiteFideId "4167457"]
[BlackFideId "13801910"]
[WhiteElo "2423"]
[BlackElo "1538"]
[Result "0-1"]
[Round "09"]
[TimeControl "180+1"]
[Date "2022.04.05"]
[WhiteClock "0:02:07"]
[BlackClock "0:01:07"]

1. e4 c5 2. Nf3 d6 3. d4 cxd4 4. Qxd4 Nc6 5. Bb5 Bd7 6. Bxc6 Bxc6 7. Nc3 Nf6 8. Bg5 e5 9. Qd3 Be7 10. Bxf6 Bxf6 11. O-O-O Be7 12. Nd5 Bxd5 13. Qxd5 Qb6 14. Rd2 Rc8 15. Qb3 Qc6 16. Qd5 Qb6 17. Qb3 Qc6 18. Rd5 b6 19. Kb1 O-O 20. Rhd1 a5 21. Qb5 Qxc2+ 22. Ka1 Qc1+ 0-1


[Site "https://www.chess.com"]

[Event "Titled Tuesday Blitz April 05 Early 2022"]
[White "Dilmukhametov, Artur"]
[Black "Manon, Reja Neer"]
[WhiteFideId "24179922"]
[BlackFideId "10224009"]
[WhiteElo "2244"]
[BlackElo "1911"]
[Result "0-1"]
[Round "09"]
[TimeControl "180+1"]
[Date "2022.04.05"]
[WhiteClock "0:00:46"]
[BlackClock "0:00:36"]

1. d4 Nf6 2. c3 g6 3. Nf3 Bg7 4. Bg5 Ne4 5. Bf4 O-O 6. Nbd2 d5 7. Nxe4 dxe4 8. Ne5 Be6 9. e3 Nd7 10. b3 f6 11. Nc4 f5 12. Be2 c6 13. O-O Nb6 14. Nxb6 axb6 15. h4 b5 16. h5 Qa5 17. c4 bxc4 18. Bxc4 Bxc4 19. bxc4 Qa4 20. Qxa4 Rxa4 21. hxg6 hxg6 22. c5 Rfa8 23. Rfb1 R4a7 24. Rb2 Kf7 25. f3 exf3 26. gxf3 Ke6 27. Bg5 Bf6 28. Bxf6 exf6 29. Kf2 Kd5 30. Rc2 g5 31. Kg3 Ra3 32. Kf2 f4 33. exf4 gxf4 34. Ke2 Kxd4 35. Rd1+ Ke5 36. Rdd2 Re3+ 37. Kf1 Rxf3+ 38. Kg2 Re3 39. Re2 f3+ 40. Kf1 Rxe2 41. Rxe2+ fxe2+ 42. Kxe2 Rxa2+ 43. Kd3 Ra5 44. Kc4 f5 45. Kb4 Rb5+ 46. Kc4 f4 47. Kd3 Rb2 48. Kc3 Re2 49. Kd3 Re4 0-1


[Site "https://www.chess.com"]

[Event "Titled Tuesday Blitz April 05 Early 2022"]
[White "Dixit, Nikhil"]
[Black "Tsyhanchuk, Stanislav"]
[WhiteFideId "5059534"]
[BlackFideId "13505130"]
[WhiteElo "2223"]
[BlackElo "2078"]
[Result "1-0"]
[Round "09"]
[TimeControl "180+1"]
[Date "2022.04.05"]
[WhiteClock "0:01:11"]
[BlackClock "0:00:17"]

1. e4 c5 2. Nf3 d6 3. Bb5+ Nc6 4. Bxc6+ bxc6 5. O-O Nf6 6. e5 Ng4 7. exd6 exd6 8. d4 c4 9. d5 Be7 10. dxc6 O-O 11. Nc3 Be6 12. Nd5 Rc8 13. h3 Ne5 14. c7 Qd7 15. Bf4 Ng6 16. Nxe7+ Nxe7 17. Qxd6 Nd5 18. Qxd7 Bxd7 19. Rad1 Be6 20. Bd6 Rfe8 21. Nd4 Nxc7 22. Bxc7 Rxc7 23. Nxe6 fxe6 24. Rfe1 Kf7 25. Re4 Rb8 26. b3 cxb3 27. cxb3 Rb6 28. Rf4+ Ke7 29. Rh4 h6 30. Rg4 Kf7 31. Rgd4 Ke7 32. g3 Ra6 33. R1d2 Rac6 34. Kg2 Rc1 35. h4 R1c2 36. Rxc2 Rxc2 37. Ra4 Rc7 38. Kf3 Kd6 39. Ra6+ Kd5 40. Ke3 e5 41. Ra5+ Kd6 42. Ke4 Rc2 43. Ra6+ Kc5 44. Rxa7 Re2+ 45. Kf3 Rxf2+ 46. Kxf2 Kd4 47. Rxg7 e4 48. Ke2 e3 49. Rg6 Kc3 50. Rxh6 Kb2 51. Re6 Kxa2 52. Rxe3 Ka3 53. b4+ Ka2 54. g4 Kb2 55. g5 Ka2 56. h5 Kb2 57. h6 Ka2 58. g6 Kb2 59. h7 Ka2 60. g7 Kb2 61. b5 Ka2 62. b6 Kb2 63. b7 Ka2 64. Kd2 Kb2 65. Rc3 Ka2 66. Kc2 Ka1 67. Ra3# 1-0


[Site "https://www.chess.com"]

[Event "Titled Tuesday Blitz April 05 Early 2022"]
[White "Dukic, Zachary"]
[Black "volunteers1998"]
[WhiteFideId "2617188"]
[WhiteElo "2086"]
[BlackElo "2321"]
[Result "0-1"]
[Round "09"]
[TimeControl "180+1"]
[Date "2022.04.05"]
[WhiteClock "0:00:06"]
[BlackClock "0:00:18"]

1. e4 c5 2. Nf3 Nc6 3. d4 cxd4 4. Nxd4 Nf6 5. Nc3 e5 6. Ndb5 d6 7. Bg5 a6 8. Na3 b5 9. Bxf6 gxf6 10. Nd5 Be6 11. Bd3 Bg7 12. c3 O-O 13. Qf3 Rb8 14. Nc2 a5 15. Nce3 b4 16. Nf5 bxc3 17. bxc3 Bxf5 18. exf5 Ne7 19. Be4 Nxd5 20. Bxd5 Rb2 21. O-O Qb6 22. Qe4 Rc8 23. g3 Rxc3 24. Rab1 Rc8 25. Kg2 Rb4 26. Rxb4 Qxb4 27. Qd3 Qd4 28. Qa6 Qxd5+ 29. Kh3 Qc6 30. Qxa5 Bf8 31. Rd1 Qc5 32. Qa4 Qxf2 33. Qd7 Ra8 34. Rc1 Rxa2 35. Rc7 Qxh2+ 36. Kg4 h5+ 37. Kf3 Qe2# 0-1


[Site "https://www.chess.com"]

[Event "Titled Tuesday Blitz April 05 Early 2022"]
[White "Estrada Nieto, Julian"]
[Black "Yushko, Olga"]
[WhiteFideId "5101018"]
[BlackFideId "14114500"]
[WhiteElo "2252"]
[BlackElo "2028"]
[Result "1-0"]
[Round "09"]
[TimeControl "180+1"]
[Date "2022.04.05"]
[WhiteClock "0:01:13"]
[BlackClock "0:01:26"]

1. e4 d6 2. d4 e5 3. Nf3 Nf6 4. Nc3 Nbd7 5. Bc4 Be7 6. O-O O-O 7. Re1 c6 8. a4 Qc7 9. a5 h6 10. h3 Re8 11. Nh4 Nf8 12. dxe5 dxe5 13. Qf3 Be6 14. Bxe6 Nxe6 15. Nf5 Bf8 16. Nxh6+ gxh6 17. Qxf6 Bg7 18. Qh4 Nd4 19. Bxh6 Nxc2 20. Bxg7 Kxg7 21. Qg5+ Kf8 22. Ne2 Nxa1 23. Rxa1 Qd6 24. Ng3 Qg6 25. Qh4 f6 26. Nf5 Kf7 27. Rd1 Kg8 28. Rd3 Qh7 29. Rg3+ Kh8 30. Qxf6+ 1-0


[Site "https://www.chess.com"]

[Event "Titled Tuesday Blitz April 05 Early 2022"]
[White "Ezat, Mohamed"]
[Black "Chernov, Mikhail"]
[WhiteFideId "10600906"]
[BlackFideId "24143170"]
[WhiteElo "2386"]
[BlackElo "2189"]
[Result "0-1"]
[Round "09"]
[TimeControl "180+1"]
[Date "2022.04.05"]
[WhiteClock "0:00:05"]
[BlackClock "0:00:01"]

1. d4 d5 2. c4 c6 3. Nc3 Nf6 4. cxd5 cxd5 5. Bf4 Nc6 6. e3 a6 7. Bd3 e6 8. Rc1 Be7 9. h3 O-O 10. Nf3 Bd6 11. Bxd6 Qxd6 12. O-O e5 13. dxe5 Nxe5 14. Be2 Nxf3+ 15. Bxf3 Be6 16. Qd4 Rfd8 17. Rfd1 Qe7 18. Qb6 Rac8 19. Na4 d4 20. Rxc8 Rxc8 21. Qxd4 Bxa2 22. Nb6 Re8 23. Rc1 Be6 24. Qc3 Qd6 25. Qc7 Qd2 26. Rc2 Qe1+ 27. Kh2 Bf5 28. Re2 Qb4 29. e4 Bxe4 30. Bxe4 Nxe4 31. Qxb7 Qd6+ 32. g3 Nf6 33. Rxe8+ Nxe8 34. Qxa6 Qd4 35. Kg2 Qxb2 36. Qc8 Qe5 37. Nd7 Qe4+ 38. Kg1 h6 39. Nc5 Qe1+ 40. Kg2 Qe7 41. Qf5 Nd6 42. Qd5 Qf6 43. h4 Kh7 44. Qd3+ Qg6 45. Qd5 Qf6 46. h5 Nf5 47. Ne4 Qe6 48. Qd3 Kg8 49. g4 Ne7 50. Ng3 Qe5 51. Qd8+ Kh7 52. Qd3+ Kg8 53. f3 Qc7 54. Qe4 Nc6 0-1


[Site "https://www.chess.com"]

[Event "Titled Tuesday Blitz April 05 Early 2022"]
[White "Garv Gaur"]
[Black "Terletsky, Oleg"]
[WhiteFideId "45030839"]
[BlackFideId "14116774"]
[WhiteElo "1950"]
[BlackElo "2064"]
[Result "0-1"]
[Round "09"]
[TimeControl "180+1"]
[Date "2022.04.05"]
[WhiteClock "0:00:07"]
[BlackClock "0:00:04"]

1. d4 Nf6 2. Nf3 g6 3. c4 Bg7 4. g3 O-O 5. Bg2 d6 6. O-O Nbd7 7. Nc3 e5 8. e4 exd4 9. Nxd4 Re8 10. h3 Nc5 11. Re1 Bd7 12. Kh2 h5 13. Bg5 Ng4+ 14. Qxg4 hxg4 15. Bxd8 Raxd8 16. Rad1 Ne6 17. Nxe6 Bxe6 18. Nd5 c6 19. Nc7 Re7 20. Nxe6 Rxe6 21. hxg4 Bxb2 22. Rb1 Bd4 23. Rxb7 Bxf2 24. Rf1 Bd4 25. Rfxf7 Rf8 26. Rxf8+ Kxf8 27. Bf3 g5 28. Rc7 Re5 29. Rxc6 Ra5 30. Rxd6 Rxa2+ 31. Kh3 Bg1 32. Bg2 a5 33. Rd1 Bc5 34. e5 a4 35. Bd5 a3 36. e6 Rf2 37. Ra1 a2 38. Be4 Bd4 39. e7+ Kxe7 40. Re1 a1=Q 41. Bb1+ Kd6 42. c5+ Bxc5 43. Rd1+ Kc7 44. Rc1 Qh8+ 45. Bh7 Qxh7# 0-1


[Site "https://www.chess.com"]

[Event "Titled Tuesday Blitz April 05 Early 2022"]
[White "Gatterer, Florian"]
[Black "Ianov, Viktor"]
[WhiteFideId "811688"]
[BlackFideId "14102730"]
[WhiteElo "2218"]
[BlackElo "2161"]
[Result "0-1"]
[Round "09"]
[TimeControl "180+1"]
[Date "2022.04.05"]
[WhiteClock "0:00:06"]
[BlackClock "0:01:06"]

1. b3 d6 2. Bb2 Nd7 3. e4 Ngf6 4. Nc3 g6 5. d4 Bg7 6. Qd2 O-O 7. O-O-O e5 8. dxe5 dxe5 9. Nf3 Ng4 10. Kb1 Bh6 11. Qe1 c6 12. h3 Ngf6 13. Nxe5 Qe7 14. Nxd7 Nxd7 15. f3 b5 16. Ne2 Bb7 17. Qc3 f6 18. h4 Ne5 19. f4 Ng4 20. Qf3 f5 21. g3 c5 22. Qc3 Nf6 23. Bg2 b4 24. Qe5 Qxe5 25. Bxe5 Nxe4 26. Rd7 Rf7 27. Rxf7 Kxf7 28. Rd1 Re8 29. Kb2 Re7 30. c3 Nf2 31. Bxb7 Nxd1+ 32. Kc1 Rxb7 33. Kxd1 Bg7 34. cxb4 Bxe5 35. fxe5 Rxb4 36. Nf4 Re4 37. e6+ Ke7 38. Kd2 Kd6 39. Kd3 a5 40. a3 a4 41. b4 cxb4 42. axb4 Rxb4 43. Kc3 Rb3+ 44. Kd4 Rxg3 45. h5 Rg4 46. Ke3 Rxf4 0-1


[Site "https://www.chess.com"]

[Event "Titled Tuesday Blitz April 05 Early 2022"]
[White "Gracia Alvarez, Gerardo Antonio"]
[Black "Le Ruyet, Leopold"]
[WhiteFideId "5109124"]
[BlackFideId "645923"]
[WhiteElo "2139"]
[BlackElo "2276"]
[Result "0-1"]
[Round "09"]
[TimeControl "180+1"]
[Date "2022.04.05"]
[WhiteClock "0:00:09"]
[BlackClock "0:00:07"]

1. e4 e5 2. Bc4 Nf6 3. d3 Nc6 4. Nc3 a6 5. f4 Bc5 6. Nf3 d6 7. f5 h6 8. a3 Ng4 9. Qe2 Bf2+ 10. Kf1 Ba7 11. h3 Nf6 12. g4 Nd4 13. Nxd4 Bxd4 14. Be3 Bxe3 15. Qxe3 c6 16. Ba2 Bd7 17. Ke2 Qe7 18. Qb6 Rb8 19. Rag1 Nh7 20. h4 f6 21. Qc7 Rc8 22. Qxb7 Nf8 23. g5 hxg5 24. hxg5 Rxh1 25. Rxh1 fxg5 26. Rh8 Qf6 27. Be6 Bxe6 28. fxe6 Qxe6 29. Qxg7 Qe7 30. Qg6+ Kd7 31. Qf5+ Ne6 32. Rh7 Kd8 33. Rxe7 Nd4+ 34. Kd2 Nxf5 35. Re6 Nd4 36. Rxd6+ Ke7 37. Rg6 Kf7 38. Rxg5 Nf3+ 39. Ke3 Nxg5 40. Na4 0-1


[Site "https://www.chess.com"]

[Event "Titled Tuesday Blitz April 05 Early 2022"]
[White "Hansen, Eric"]
[Black "Alinasab, Mobina"]
[WhiteFideId "2606771"]
[BlackFideId "12528897"]
[WhiteElo "2568"]
[BlackElo "2031"]
[Result "1-0"]
[Round "09"]
[TimeControl "180+1"]
[Date "2022.04.05"]
[WhiteClock "0:01:31"]
[BlackClock "0:00:31"]

1. e4 c5 2. Nf3 e6 3. g3 Nc6 4. Bg2 d6 5. O-O Nf6 6. Re1 Be7 7. d4 cxd4 8. Nxd4 O-O 9. c4 Bd7 10. Nc3 Rc8 11. b3 a6 12. a4 Qa5 13. Nxc6 Bxc6 14. Bd2 Qc5 15. Nd5 exd5 16. exd5 Bxd5 17. cxd5 Bd8 18. Rc1 1-0


[Site "https://www.chess.com"]

[Event "Titled Tuesday Blitz April 05 Early 2022"]
[White "Harshavardhan G B"]
[Black "Niyazgulova, Marina"]
[WhiteFideId "25059009"]
[BlackFideId "24142573"]
[WhiteElo "1831"]
[BlackElo "2046"]
[Result "0-1"]
[Round "09"]
[TimeControl "180+1"]
[Date "2022.04.05"]
[WhiteClock "0:00:04"]
[BlackClock "0:00:28"]

1. e4 d5 2. exd5 Qxd5 3. Nc3 Qd6 4. d4 Nf6 5. Nb5 Qb6 6. c4 c6 7. Nc3 Bf5 8. Nf3 e6 9. Be2 Be7 10. O-O O-O 11. b3 Nbd7 12. Be3 Qa5 13. Rc1 Bb4 14. Na4 Ne4 15. Bd3 b5 16. cxb5 cxb5 17. Nc5 Ndxc5 18. dxc5 Nc3 19. Qc2 Bxd3 20. Qxd3 Rfd8 21. Qc2 Qxa2 22. Kh1 Qxc2 23. Rxc2 a5 24. Rfc1 Nd5 25. Bd4 f6 26. c6 Rdc8 27. Bb2 a4 28. bxa4 bxa4 29. Nd4 a3 30. Ba1 Kf7 31. Nb3 Rc7 32. g3 Ra6 33. Rc4 Ke7 34. f4 a2 35. Nd4 g6 36. R1c2 Ne3 37. Rxb4 Nxc2 38. Rb7 Rxc6 39. Nxc6+ Kd6 0-1


[Site "https://www.chess.com"]

[Event "Titled Tuesday Blitz April 05 Early 2022"]
[White "Hartikainen, Jarmo"]
[Black "Fernandez Siles, Luis"]
[WhiteFideId "503134"]
[BlackFideId "2209420"]
[WhiteElo "2103"]
[BlackElo "2212"]
[Result "0-1"]
[Round "09"]
[TimeControl "180+1"]
[Date "2022.04.05"]
[WhiteClock "0:00:08"]
[BlackClock "0:00:35"]

1. e4 e5 2. Nf3 Nf6 3. d4 Nxe4 4. Bd3 d5 5. Nxe5 Nc6 6. O-O Nxe5 7. dxe5 Nc5 8. Nc3 Nxd3 9. Qxd3 c6 10. f4 Bc5+ 11. Kh1 g6 12. f5 Bxf5 13. Rxf5 gxf5 14. Qxf5 Qd7 15. Qf6 Rg8 16. h3 Qe7 17. Qf4 O-O-O 18. Bd2 Rde8 19. Re1 Qe6 20. a3 Qg6 21. Qf3 Re6 22. Bf4 Qf5 23. Rf1 Reg6 24. g4 Qxc2 25. Rf2 Qb3 26. e6 Rxe6 27. Rd2 d4 0-1


[Site "https://www.chess.com"]

[Event "Titled Tuesday Blitz April 05 Early 2022"]
[White "Hoffmann, Asa"]
[Black "Ronka, Erik"]
[WhiteFideId "2001470"]
[BlackFideId "505080"]
[WhiteElo "2117"]
[BlackElo "2264"]
[Result "0-1"]
[Round "09"]
[TimeControl "180+1"]
[Date "2022.04.05"]
[WhiteClock "0:00:24"]
[BlackClock "0:00:19"]

1. d4 d5 2. Bg5 f6 3. Bf4 Nc6 4. Nf3 g5 5. Bg3 g4 6. Ng1 e5 7. e3 h5 8. h4 Be6 9. Bb5 Bg7 10. Nc3 a6 11. Bxc6+ bxc6 12. Nge2 Nh6 13. Na4 O-O 14. Nc5 Bf7 15. Qd3 Qe8 16. O-O-O Bg6 17. Qc3 Nf5 18. Rhe1 Nd6 19. a4 Qe7 20. b3 Rfb8 21. f3 Kh7 22. fxg4 hxg4 23. Rf1 Ne4 24. Nxe4 Bxe4 25. Qxc6 Bxg2 26. Rf2 Bf3 27. Rd3 exd4 28. Nxd4 Be4 29. Rc3 Rc8 30. Rf4 f5 31. Nxf5 Bxf5 32. Rxf5 Bxc3 33. Rh5+ Kg8 34. Qxd5+ Qf7 35. Rh8+ Bxh8 36. Qg5+ Bg7 37. Bf4 Qf6 38. Qd5+ Qf7 39. h5 Qxd5 0-1


[Site "https://www.chess.com"]

[Event "Titled Tuesday Blitz April 05 Early 2022"]
[White "Horak, Martin"]
[Black "Potapova, Margarita"]
[WhiteFideId "367095"]
[BlackFideId "14126869"]
[WhiteElo "1997"]
[BlackElo "2216"]
[Result "0-1"]
[Round "09"]
[TimeControl "180+1"]
[Date "2022.04.05"]
[WhiteClock "0:00:28"]
[BlackClock "0:01:37"]

1. c4 Nf6 2. Nf3 e6 3. Nc3 d5 4. e3 g6 5. b3 Bg7 6. Bb2 O-O 7. Qc2 b6 8. cxd5 exd5 9. d4 c5 10. Rd1 Nc6 11. dxc5 bxc5 12. Na4 d4 13. Nxc5 Bf5 14. Qd2 Qe7 15. Nxd4 Qxc5 16. Rc1 Qa5 17. Nxc6 Qxd2+ 18. Kxd2 Ne4+ 0-1


[Site "https://www.chess.com"]

[Event "Titled Tuesday Blitz April 05 Early 2022"]
[White "Hua, Lefong"]
[Black "Mickiewicz, Piotr"]
[WhiteFideId "2602253"]
[BlackFideId "1114891"]
[WhiteElo "2584"]
[BlackElo "2266"]
[Result "0-1"]
[Round "09"]
[TimeControl "180+1"]
[Date "2022.04.05"]
[WhiteClock "0:00:19"]
[BlackClock "0:00:46"]

1. d4 e6 2. c4 Nf6 3. Nc3 Nc6 4. Nf3 Bb4 5. Qc2 O-O 6. g3 d6 7. Bg2 e5 8. d5 Nd4 9. Nxd4 exd4 10. a3 Bxc3+ 11. bxc3 dxc3 12. Qxc3 Re8 13. e3 Ne4 14. Qd4 Nc5 15. Bb2 f6 16. Qd1 Bf5 17. O-O Bd3 18. Re1 Bxc4 19. Qc2 Bb3 20. Qd2 Ba4 21. Rab1 Qd7 22. Qc3 Bb5 23. Ba1 Re7 24. Red1 Rae8 25. Qb4 Bd3 26. Rbc1 Be4 27. Qc3 Bxg2 28. Kxg2 Qf5 29. Rd4 Re4 30. Rcd1 h5 31. h4 b6 32. Bb2 a5 33. Qc4 R8e7 34. Qe2 Rxd4 35. Rxd4 Re4 36. Rd1 a4 37. Qf3 Qxf3+ 38. Kxf3 Rc4 39. Bd4 Nb3 40. Bb2 Kf7 41. Kg2 g6 42. Kf3 f5 43. Kg2 Rc2 44. Bd4 b5 45. Kf3 Nxd4+ 46. Rxd4 Rb2 47. Kg2 Rb3 48. Kf3 Rxa3 49. Rb4 Rb3 50. Rd4 a3 51. Rd2 Rb2 52. Rd3 b4 0-1


[Site "https://www.chess.com"]

[Event "Titled Tuesday Blitz April 05 Early 2022"]
[White "Iskusnyh, Sergei"]
[Black "nobodyperfect13"]
[WhiteFideId "4120027"]
[WhiteElo "2492"]
[BlackElo "1950"]
[Result "1-0"]
[Round "09"]
[TimeControl "180+1"]
[Date "2022.04.05"]
[WhiteClock "0:01:15"]
[BlackClock "0:01:16"]

1. d4 g6 2. c4 Bg7 3. Nf3 d6 4. g3 Nf6 5. Bg2 O-O 6. Nc3 Bg4 7. h3 Bxf3 8. Bxf3 Nc6 9. e3 Nd7 10. h4 e5 11. d5 Ne7 12. h5 a5 13. e4 Nc5 14. Be3 f5 15. hxg6 hxg6 16. Qc2 f4 17. Bxc5 dxc5 18. Bg4 Bf6 19. O-O-O Kg7 20. Nb5 Nc8 21. Bxc8 Rxc8 22. d6 c6 23. d7 Ra8 24. Nd6 Rb8 25. Ne8+ Rxe8 26. dxe8=Q Qxe8 27. Qd2 Rd8 28. Qxa5 Rd4 29. Qc7+ Qf7 30. Rh7+ 1-0


[Site "https://www.chess.com"]

[Event "Titled Tuesday Blitz April 05 Early 2022"]
[White "Ivanov, Mike"]
[Black "Kaminski, Victor"]
[WhiteFideId "2613158"]
[BlackFideId "1131630"]
[WhiteElo "2182"]
[BlackElo "2181"]
[Result "1-0"]
[Round "09"]
[TimeControl "180+1"]
[Date "2022.04.05"]
[WhiteClock "0:00:08"]
[BlackClock "0:00:12"]

1. e4 e5 2. Nf3 Nc6 3. Nc3 Nf6 4. Bb5 Bb4 5. O-O O-O 6. d3 d6 7. Ne2 Ne7 8. c3 Ba5 9. Ng3 c6 10. Ba4 Ng6 11. d4 Bc7 12. h3 h6 13. Re1 Qe7 14. Nf5 Qd8 15. Qc2 Re8 16. dxe5 Nxe5 17. N3d4 d5 18. exd5 Nxd5 19. Bd2 a5 20. Bb3 h5 21. Rad1 g6 22. Ne3 Nf4 23. Bc1 Qg5 24. Kh2 Qh4 25. Nef5 Bxf5 26. Nxf5 Nf3+ 27. Kh1 gxf5 28. Qxf5 Re7 29. Rxe7 Qxe7 30. Bxf4 Bxf4 31. Qxf4 Ne5 32. Re1 Re8 33. Bc2 f6 34. Qf5 Qg7 35. f4 Qg3 36. Re2 Kf8 37. fxe5 Qg5 38. Qxf6+ Qxf6 39. exf6 Rxe2 40. Bb3 Rxb2 41. Kh2 Rb1 42. Kg3 Rb2 43. Kf3 b5 44. g4 a4 45. Be6 hxg4+ 46. hxg4 Rb1 47. g5 Rg1 48. Kf4 c5 49. Kf5 b4 50. cxb4 cxb4 51. g6 Rf1+ 52. Ke5 Rg1 53. g7+ Rxg7 54. fxg7+ Kxg7 55. Kd4 b3 56. a3 Kf6 57. Bc4 Kf5 58. Bd3+ Kf4 59. Kc3 Ke3 60. Bh7 Ke2 61. Kb4 Kd2 62. Kxa4 Kc3 63. Kb5 b2 64. a4 b1=Q+ 65. Bxb1 Kb3 66. a5 Kb2 67. a6 Kc1 68. a7 Kxb1 69. a8=Q Kb2 70. Qf3 Kb1 71. Kc4 Ka2 72. Qe3 Kb2 73. Qc3+ Kb1 74. Qd2 Ka1 75. Kb3 Kb1 76. Qb2# 1-0


[Site "https://www.chess.com"]

[Event "Titled Tuesday Blitz April 05 Early 2022"]
[White "Jakubowska, Anna"]
[Black "Araujo Filho, Luiz Antonio Coel"]
[WhiteFideId "1121952"]
[BlackFideId "2130661"]
[WhiteElo "1924"]
[BlackElo "2251"]
[Result "0-1"]
[Round "09"]
[TimeControl "180+1"]
[Date "2022.04.05"]
[WhiteClock "0:00:59"]
[BlackClock "0:00:08"]

1. e4 c6 2. d4 d5 3. e5 Bf5 4. Nf3 e6 5. Be2 Nd7 6. O-O Ne7 7. Nbd2 c5 8. Bb5 Nc6 9. c4 a6 10. cxd5 Nxd4 11. Bxd7+ Qxd7 12. Nxd4 cxd4 13. dxe6 Bxe6 14. Nf3 Bc5 15. a3 O-O 16. b4 Bb6 17. Bb2 Rad8 18. Qd2 Bg4 19. Ng5 h6 20. Ne4 Qd5 21. Qf4 Bh5 22. Rfe1 Rfe8 23. Nd2 Bc7 24. g4 Bg6 25. Nf3 f6 26. Bxd4 fxe5 27. Bxe5 Rf8 28. Qd4 Qxf3 29. Qc4+ Kh7 30. Qxc7 Qxf2+ 31. Kh1 Be4+ 32. Rxe4 Qf3+ 33. Kg1 Rd1+ 34. Rxd1 Qxd1+ 35. Kg2 Qf3+ 36. Kg1 Qf2+ 37. Kh1 Qf1# 0-1


[Site "https://www.chess.com"]

[Event "Titled Tuesday Blitz April 05 Early 2022"]
[White "Koc, Przemyslaw"]
[Black "Bachmann, Axel"]
[WhiteFideId "1109081"]
[BlackFideId "3700488"]
[WhiteElo "2141"]
[BlackElo "2587"]
[Result "1-0"]
[Round "09"]
[TimeControl "180+1"]
[Date "2022.04.05"]
[WhiteClock "0:00:37"]
[BlackClock "0:00:01"]

1. d4 Nf6 2. Nf3 g6 3. Bg5 Bg7 4. Nbd2 d5 5. e3 O-O 6. Bd3 c6 7. c3 a5 8. a4 Na6 9. O-O Nc7 10. h3 Nce8 11. Ne5 Nd6 12. f4 Bf5 13. Bxf5 Nxf5 14. Qe1 h6 15. Bxf6 exf6 16. Nef3 Nd6 17. Qf2 Re8 18. Rae1 Qb6 19. b3 Re7 20. g4 f5 21. gxf5 Nxf5 22. Nh4 Nxh4 23. Qxh4 Rae8 24. f5 g5 25. Qg3 Bf6 26. Re2 c5 27. Qf3 cxd4 28. Qxd5 dxc3 29. Nc4 Qc7 30. Kg2 Rd8 31. Qxa5 Qxa5 32. Nxa5 Rd2 33. Kf3 Rxe2 34. Kxe2 Bd4 35. Nc4 Bc5 36. Rd1 Kg7 37. Rd5 1-0


[Site "https://www.chess.com"]